 Dungeon Sprint DCSS version 0.21-a0-417-g0adc95b (webtiles) character file.

99 Kidiri the Ruffian (level 4, -3/41 HPs)
             Began as a Draconian Transmuter on Nov 3, 2017.
             Slain by Sigmund
             ... wielding a cursed -2 scythe
              (7 damage)
             ... in the Dungeon (Sprint I: "Red Sonja").
             The game lasted 00:00:54 (130 turns).

Kidiri the Ruffian (Draconian Transmuter)            Turns: 130, Time: 00:00:54

Health: -3/41      AC:  2    Str: 13    XL:     4   Next: 45%
Magic:  6/8        EV: 21    Int: 13    God:
Gold:   54         SH:  0    Dex: 17    Spells: 3/9 levels left

rFire    . . .     SeeInvis .     - Unarmed
rCold    . . .     Gourm    .   (shield currently unavailable)
rNeg     . . .     Faith    .   (armour unavailable)
rPois    x         Spirit   .   (helmet currently unavailable)
rElec    .         Reflect  .   (cloak currently unavailable)
rCorr    .         Harm     .   (gloves currently unavailable)
MR       .....     NoTele   +   (boots currently unavailable)
Stlth    ++........             (no amulet)
HPRegen  0.13/turn              (no ring)
MPRegen  0.11/turn              (no ring)

@: spider-form (expiring)
A: unfitting armour, AC +5
a: End Transformation


You were in the Dungeon.
You were not hungry.
You were a venomous arachnid creature.
You visited 1 branch You collected 54 gold pieces.

Inventory:

Hand Weapons
 l - a +0 giant spiked club
Missiles
 a - 10 arrows
Armour
 j - a +0 leather armour
Wands
 h - a wand of random effects (26/48)
Scrolls
 i - a scroll of blinking
Potions
 d - a potion of curing
 e - a potion of heal wounds
 f - a potion of haste
 g - 2 potions of magic
Books
 b - a book of Changes

   Spells                             Type                      Level
   a - Beastly Appendage              Transmutation                1
   b - Sticks to Snakes               Transmutation                2
   c - Spider Form                    Transmutation/Poison         3
   d - Ice Form                       Ice/Transmutation            4
   e - Blade Hands                    Transmutation                5
Comestibles
 c - a bread ration
 k - 4 chunks of flesh


   Skills:
 * Level 4.5 Fighting
 + Level 3.1 Dodging
 + Level 2.5 Stealth
 * Level 5.1 Unarmed Combat
 + Level 3.2 Spellcasting
 * Level 4.6 Transmutations
 + Level 0.0 Poison Magic


You had 3 spell levels left.
You knew the following spells:

 Your Spells              Type           Power        Failure   Level  Hunger
a - Beastly Appendage     Tmut           ##....       11%         1    #......
b - Sticks to Snakes      Tmut           ##......     14%         2    ##.....
c - Spider Form           Tmut/Pois      #.........   47%         3    ###....


Dungeon Overview and Level Annotations

Branches:
Dungeon (1/1)

Altars:

Annotations:
D Sigmund


Innate Abilities, Weirdness & Mutations

((Your plain brown scales are hard. (AC +5)))
You cannot fit into any form of body armour.
((You are cold-blooded and may be slowed by cold attacks.))


Message History

You closely miss Sigmund.
Sigmund is lightly wounded.
You hit Sigmund.
Sigmund looks as sick as possible!
Sigmund is moderately wounded.
Sigmund closely misses you.
You hit Sigmund but do no damage.
Sigmund looks as sick as possible!
Sigmund is heavily wounded.
Sigmund gestures at you while chanting. The puff of flame hits you!
You hit Sigmund but do no damage.
Sigmund is heavily wounded.
You hit Sigmund but do no damage.
Sigmund is severely wounded.
Sigmund gestures at you while chanting. The puff of flame hits you!
* * * LOW HITPOINT WARNING * * *
You hit Sigmund.
Sigmund is severely wounded.
Sigmund hits you with an enchanted scythe!
You die...

#############
#<.#..'..#..+
#..'..#.÷s@.#
#..#####+####
#..# #..#
#..# ####
#..# #⌠⌠#
####


You could see Sigmund.

Vanquished Creatures
  An ogre (D)
  Ijyb (D)
2 creatures vanquished.

Notes
Turn   | Place    | Note
-------+----------+-------------------------------------------
     0 | D        | Kidiri the Draconian Transmuter began the quest for the Orb.
     0 | D        | Reached XP level 1. HP: 16/16 MP: 3/3
     3 | D        | Noticed Ijyb
    11 | D        | Killed Ijyb
    11 | D        | Reached skill level 1 in Stealth
    11 | D        | Reached skill level 4 in Unarmed Combat
    11 | D        | Reached XP level 2. HP: 26/26 MP: 2/5
    22 | D        | Learned a level 2 spell: Sticks to Snakes
    43 | D        | Noticed an ogre
    56 | D        | Killed an ogre
    56 | D        | Reached skill level 5 in Unarmed Combat
    56 | D        | Reached XP level 3. HP: 34/34 MP: 1/7
    56 | D        | Reached XP level 4. HP: 41/41 MP: 1/8
   120 | D        | Learned a level 3 spell: Spider Form
   121 | D        | Noticed Sigmund
   130 | D        | Slain by Sigmund

Vault maps used:
D:        dungeon_sprint_1

Skill      XL: |  1  2 |
---------------+-------+-----
Fighting       | 3 4 |  4.5
Dodging        | 2 3 |  3.1
Stealth        | 1 2 |  2.5
Unarmed Combat | 4 5 |  5.1
Transmutations | 3 4 |  4.6
Spellcasting   | 3 |  3.2

Action                   |  1- 3 |  4- 6 || total
-------------------------+-------+-------++-------
Melee: Unarmed           |    12 |     8 ||    20
       Kick              |     1 |       ||     1
       Tailslap          |     1 |       ||     1
       Headbutt          |     1 |       ||     1
 Cast: Beastly Appendage |     2 |       ||     2
       Sticks to Snakes  |     2 |       ||     2
       Spider Form       |       |     1 ||     1
  Use: Potion            |     1 |       ||     1
 Stab: Sleeping          |     1 |       ||     1
Armor: Skin              |     1 |       ||     1
Dodge: Dodged            |     5 |     2 ||     7

Table legend:
 A = Spawn XP
 B = Non-spawn XP
 C = Spawn XP percentage of total XP
 D = Spawn monster count
 E = Non-spawn monster count
 F = Spawn count percentage of total count
 G = Total turns spent on level
                    A         B        C        D         E        F      G
               +---------+---------+-------+---------+---------+-------+---------
         Total |       0 |     142 |   0.0 |       0 |       2 |   0.0 |   130
               +---------+---------+-------+---------+---------+-------+---------
             D |       0 |     142 |   0.0 |       0 |       2 |   0.0 |   130
               +---------+---------+-------+---------+---------+-------+---------
